ESL (28 & UNDER)
RIO GRANDE RATTLESNAKE @ KINGSTON IGUANAS
07/05/2026
 
TOP OF THE 1ST
Rio Grande Rattlesnake batting - Pitching for Kingston Iguanas : RHP Matt Nance
Pitching: RHP Matt Nance
Batting: RHB Javier Renterķa 0-0: Ball
1-0: Reached on Error, E8 (Flyball, 8RM)
Batting: RHB Billy Mullins 0-0: Ball
1-0: Ball
2-0: SINGLE (Groundball, 6MD) (infield hit)
Javier Renterķa to second
Batting: SHB Douglas Taylor 0-0: SINGLE (Groundball, 4MD)
Javier Renterķa to third
Billy Mullins to second
Batting: RHB Doug Delaney 0-0: Called Strike
0-1: Ball
1-1: Ball
2-1: Fly out, F3 (Popup, 34)
Batting: RHB Hollis Wood 0-0: SINGLE (Groundball, 34)
Javier Renterķa scores
Billy Mullins to third
Douglas Taylor to second
Runner from 3rd tries for Home, SAFE, throw made home
Douglas Taylor to third
Hollis Wood to second
Batting: RHB Christian Hudson 0-0: Ball
1-0: Ball
2-0: Fly out, F8 (Flyball, 8RXD)
Runner from 3rd tags up, SCORES, no throw
Batting: LHB R.J. Courtney 0-0: Called Strike
0-1: DOUBLE (Flyball, 89XD)
Hollis Wood scores
Batting: RHB Maresuke Yoshida 0-0: SINGLE (Groundball, 56D)
R.J. Courtney to third
Runner from 3rd tries for Home, SAFE, no throw or cutoff
Batting: SHB Jeremy Holmes 0-0: Ground out 3-1 (Groundball, 34S)
Top of the 1st over - 5 run(s), 5 hit(s), 1 error(s), 1 left on base; Rio Grande 5 - Kingston 0
BOTTOM OF THE 1ST
Kingston Iguanas batting - Pitching for Rio Grande Rattlesnake : RHP Gary Grimes
Pitching: RHP Gary Grimes
Batting: LHB Mike Godfrey 0-0: SINGLE (Groundball, 56S) (infield hit)
Batting: RHB William Duncan 0-0: Ball
1-0: Foul Ball, location: 2F
1-1: Swinging Strike
1-2: Foul Ball, location: 2F
1-2: Strikes out swinging
Batting: RHB Soshu Nakamura 0-0: Called Strike
0-1: Foul Ball, location: 2F
0-2: Ball
1-2: Ball
2-2: Strikes out swinging
Batting: RHB Luis Aguilar 0-0: Called Strike
0-1: Ball
1-1: Foul Ball, location: 2F
1-2: Foul Ball, location: 2F
1-2: Foul Ball, location: 2F
1-2: Foul Ball, location: 2F
1-2: Fly out, F9 (Flyball, 9M)
Bottom of the 1st over - 0 run(s), 1 hit(s), 0 error(s), 1 left on base; Rio Grande 5 - Kingston 0
TOP OF THE 2ND
Rio Grande Rattlesnake batting - Pitching for Kingston Iguanas : RHP Matt Nance
Batting: RHB Javier Renterķa 0-0: Swinging Strike
0-1: Ball
1-1: Ball
2-1: Ball
3-1: SINGLE (Groundball, 5D)
Batting: RHB Billy Mullins 0-0: Ball
1-0: Ball
2-0: Ball
3-0: Called Strike
3-1: Called Strike
3-2: Base on Balls
Javier Renterķa to second
Batting: SHB Douglas Taylor 0-0: Ball
1-0: Ball
2-0: Foul Ball, location: 2F
2-1: Swinging Strike
2-2: Ball
3-2: Base on Balls
Javier Renterķa to third
Billy Mullins to second
Batting: RHB Doug Delaney 0-0: Ball
1-0: Foul Ball, location: 2F
1-1: Ball
2-1: Ball
3-1: Base on Balls
Javier Renterķa scores
Billy Mullins to third
Douglas Taylor to second
Batting: RHB Hollis Wood 0-0: SINGLE (Line Drive, 6M)
Billy Mullins scores
Douglas Taylor to third
Doug Delaney to second
Batting: RHB Christian Hudson 0-0: Ball
1-0: Ball
2-0: Ball
3-0: Base on Balls
Douglas Taylor scores
Doug Delaney to third
Hollis Wood to second
Batting: LHB R.J. Courtney 0-0: Ball
1-0: Foul Ball, location: 2F
1-1: Ball
2-1: Swinging Strike
2-2: Ball
3-2: Reached on error, E6 (Groundball, 6)
Doug Delaney scores
Hollis Wood to third
Christian Hudson to second
Pitching: RHP Danny Bates
Batting: RHB Maresuke Yoshida 0-0: Ball
1-0: Foul Ball, location: 2F
1-1: Ball
2-1: Ball
3-1: Called Strike
3-2: Foul Ball, location: 2F
3-2: Base on Balls
Hollis Wood scores
Christian Hudson to third
R.J. Courtney to second
Batting: SHB Jeremy Holmes 0-0: Ball
1-0: Ball
2-0: Called Strike
2-1: Ball
3-1: Fly out, F7 (Flyball, 7LM)
Runner from 3rd tags up, SCORES, throw made
Batting: RHB Javier Renterķa 0-0: Ball
Wild Pitch!
R.J. Courtney to third
Maresuke Yoshida to second
1-0: Ball
2-0: Foul Ball, location: 2F
2-1: Ball
3-1: Base on Balls
Batting: RHB Billy Mullins 0-0: Ball
1-0: Ball
2-0: Called Strike
2-1: Grounds into double play, 6-4-3 (Groundball, 6M)
Top of the 2nd over - 6 run(s), 2 hit(s), 1 error(s), 2 left on base; Rio Grande 11 - Kingston 0
BOTTOM OF THE 2ND
Kingston Iguanas batting - Pitching for Rio Grande Rattlesnake : RHP Gary Grimes
Batting: LHB Bob Greene 0-0: Foul Ball, location: 2F
0-1: Ball
1-1: Foul Ball, location: 2F
1-2: Strikes out looking
Batting: RHB Bobby Armstrong 0-0: Swinging Strike
0-1: Called Strike
0-2: Strikes out swinging
Batting: LHB Dave Gordon 0-0: Ball
1-0: Foul Ball, location: 2F
1-1: DOUBLE (Line Drive, 89XD)
Batting: RHB Mike Johnson 0-0: Ball
1-0: Foul Ball, location: 2F
1-1: Ground out 5-3 (Groundball, 5)
Bottom of the 2nd over - 0 run(s), 1 hit(s), 0 error(s), 1 left on base; Rio Grande 11 - Kingston 0
TOP OF THE 3RD
Rio Grande Rattlesnake batting - Pitching for Kingston Iguanas : RHP Danny Bates
Batting: SHB Douglas Taylor 0-0: Called Strike
0-1: Called Strike
0-2: Fly out, F4 (Line Drive, 34)
Batting: RHB Doug Delaney 0-0: Ball
1-0: Swinging Strike
1-1: Swinging Strike
1-2: Strikes out swinging
Batting: RHB Hollis Wood 0-0: Called Strike
0-1: Ball
1-1: Foul Ball, location: 2F
1-2: Fly out, F9 (Line Drive, 9M)
Top of the 3rd over - 0 run(s), 0 hit(s), 0 error(s), 0 left on base; Rio Grande 11 - Kingston 0
BOTTOM OF THE 3RD
Kingston Iguanas batting - Pitching for Rio Grande Rattlesnake : RHP Gary Grimes
Batting: LHB Juan Romero 0-0: Ground out 1-3 (Groundball, 13)
Batting: LHB Mike Godfrey 0-0: Called Strike
0-1: Ball
1-1: SINGLE (Line Drive, 34D)
Batting: RHB William Duncan 0-0: Ball
Mike Godfrey steals 2nd base
1-0: 2-RUN HOME RUN (Line Drive, 7LD), Distance : 337 ft
Batting: RHB Soshu Nakamura 0-0: Ball
1-0: Ball
2-0: Ball
3-0: Base on Balls
Batting: RHB Luis Aguilar 0-0: Called Strike
0-1: 2-RUN HOME RUN (Flyball, 7D), Distance : 363 ft
Batting: LHB Bob Greene 0-0: Called Strike
0-1: Ball
1-1: Foul Ball, location: 2F
1-2: Fly out, F7 (Flyball, 7LM)
Batting: RHB Bobby Armstrong 0-0: Ball
1-0: Swinging Strike
1-1: Foul Ball, location: 2F
1-2: Strikes out swinging
Bottom of the 3rd over - 4 run(s), 3 hit(s), 0 error(s), 0 left on base; Rio Grande 11 - Kingston 4
TOP OF THE 4TH
Rio Grande Rattlesnake batting - Pitching for Kingston Iguanas : RHP Danny Bates
Batting: RHB Christian Hudson 0-0: Foul Ball, location: 2F
0-1: Called Strike
0-2: Ball
1-2: Strikes out swinging
Batting: LHB R.J. Courtney 0-0: Ball
1-0: Foul Ball, location: 2F
1-1: Ball
2-1: Fly out, F4 (Line Drive, 4M)
Batting: RHB Maresuke Yoshida 0-0: Swinging Strike
0-1: Ball
1-1: Called Strike
1-2: Fly out, F7 (Flyball, 7LM)
Top of the 4th over - 0 run(s), 0 hit(s), 0 error(s), 0 left on base; Rio Grande 11 - Kingston 4
BOTTOM OF THE 4TH
Kingston Iguanas batting - Pitching for Rio Grande Rattlesnake : RHP Gary Grimes
Batting: LHB Dave Gordon 0-0: Ball
1-0: Ball
2-0: Called Strike
2-1: Fly out, F1 (Popup, 23F)
Batting: RHB Mike Johnson 0-0: Ball
1-0: Called Strike
1-1: Fly out, F4 (Popup, 34D)
Batting: LHB Juan Romero 0-0: Called Strike
0-1: Fly out, F9 (Flyball, 9S)
Bottom of the 4th over - 0 run(s), 0 hit(s), 0 error(s), 0 left on base; Rio Grande 11 - Kingston 4
TOP OF THE 5TH
Rio Grande Rattlesnake batting - Pitching for Kingston Iguanas : RHP Danny Bates
Batting: SHB Jeremy Holmes 0-0: Ground out 1-3 (Groundball, 13S)
Batting: RHB Javier Renterķa 0-0: Called Strike
0-1: Ball
1-1: Ball
2-1: Foul Ball, location: 2F
2-2: Ground out 5-3 (Groundball, 56)
Batting: RHB Billy Mullins 0-0: Ball
1-0: Ball
2-0: Ball
3-0: Called Strike
3-1: Base on Balls
Batting: SHB Douglas Taylor 0-0: Swinging Strike
0-1: Ball
1-1: Fly out, F8 (Flyball, 78D)
Top of the 5th over - 0 run(s), 0 hit(s), 0 error(s), 1 left on base; Rio Grande 11 - Kingston 4
BOTTOM OF THE 5TH
Kingston Iguanas batting - Pitching for Rio Grande Rattlesnake : RHP Gary Grimes
Batting: LHB Mike Godfrey 0-0: Foul Ball, location: 2F
0-1: Ball
1-1: Called Strike
1-2: Strikes out swinging
Batting: RHB William Duncan 0-0: Ball
1-0: Ball
2-0: Called Strike
2-1: Ball
3-1: Called Strike
3-2: Foul Ball, location: 2F
3-2: Foul Ball, location: 2F
3-2: Base on Balls
Batting: RHB Soshu Nakamura 0-0: Ball
1-0: Ball
2-0: Called Strike
2-1: Called Strike
2-2: Fly out, F7 (Flyball, 7M)
Batting: RHB Luis Aguilar 0-0: Called Strike
0-1: Ball
1-1: Swinging Strike
1-2: Ball
2-2: Foul Ball, location: 2F
2-2: Strikes out swinging
Bottom of the 5th over - 0 run(s), 0 hit(s), 0 error(s), 1 left on base; Rio Grande 11 - Kingston 4
TOP OF THE 6TH
Rio Grande Rattlesnake batting - Pitching for Kingston Iguanas : RHP Danny Bates
Pitching: RHP Chip Cole
Batting: RHB Doug Delaney 0-0: Called Strike
0-1: Ball
1-1: Ball
2-1: Ball
3-1: Base on Balls
Batting: RHB Hollis Wood 0-0: SINGLE (Line Drive, 78S)
Doug Delaney to second
Batting: RHB Christian Hudson 0-0: Ball
1-0: SINGLE (Groundball, 56D)
Doug Delaney to third
Hollis Wood to second
Runner from 3rd tries for Home, SAFE, no throw or cutoff
Batting: LHB R.J. Courtney 0-0: Swinging Strike
0-1: Ball
1-1: Swinging Strike
1-2: Strikes out looking
Batting: RHB Maresuke Yoshida 0-0: Called Strike
0-1: Called Strike
0-2: Ball
1-2: Foul Ball, location: 2F
1-2: Strikes out swinging
Batting: SHB Jeremy Holmes 0-0: Ball
1-0: Ball
2-0: Foul Ball, location: 2F
2-1: Ground out U3 (Groundball, 3)
Top of the 6th over - 1 run(s), 2 hit(s), 0 error(s), 2 left on base; Rio Grande 12 - Kingston 4
BOTTOM OF THE 6TH
Kingston Iguanas batting - Pitching for Rio Grande Rattlesnake : RHP Gary Grimes
Batting: LHB Bob Greene 0-0: Ball
1-0: Ball
2-0: Ball
3-0: Called Strike
3-1: Swinging Strike
3-2: Strikes out looking
Batting: RHB Bobby Armstrong 0-0: Ball
1-0: Ball
2-0: SINGLE (Line Drive, 56D)
Batting: LHB Dave Gordon 0-0: Ball
1-0: Ball
2-0: Swinging Strike
2-1: Foul Ball, location: 2F
2-2: Strikes out looking
Pitching: RHP Nelson Britt
Batting: RHB Mike Johnson 0-0: Ball
Throwing error on steal attempt, E2
Bobby Armstrong to third
1-0: Called Strike
1-1: Swinging Strike
1-2: Ground out 4-3 (Groundball, 4)
Bottom of the 6th over - 0 run(s), 1 hit(s), 1 error(s), 1 left on base; Rio Grande 12 - Kingston 4
TOP OF THE 7TH
Rio Grande Rattlesnake batting - Pitching for Kingston Iguanas : RHP Chip Cole
Batting: RHB Javier Renterķa 0-0: Foul Ball, location: 2F
0-1: Swinging Strike
0-2: Strikes out swinging
Batting: RHB Billy Mullins 0-0: Called Strike
0-1: SINGLE (Flyball, 89S)
Batting: SHB Douglas Taylor 0-0: Called Strike
0-1: Ball
1-1: Foul Ball, location: 2F
1-2: Ball
2-2: Fly out, F7 (Line Drive, 78M)
Batting: RHB Doug Delaney 0-0: Ball
1-0: Foul Ball, location: 2F
1-1: Fielders Choice at 2nd, U4 (Groundball, 4M)
Top of the 7th over - 0 run(s), 1 hit(s), 0 error(s), 1 left on base; Rio Grande 12 - Kingston 4
BOTTOM OF THE 7TH
Kingston Iguanas batting - Pitching for Rio Grande Rattlesnake : RHP Nelson Britt
Batting: LHB Juan Romero 0-0: Ball
1-0: Foul Ball, location: 2F
1-1: TRIPLE (Flyball, 8RXD)
Batting: LHB Mike Godfrey 0-0: Called Strike
0-1: Ground out 4-3 (Groundball, 4)
Juan Romero scores
Batting: RHB William Duncan 0-0: Ball
1-0: Fly out, F7 (Flyball, 7M)
Batting: RHB Soshu Nakamura 0-0: Foul Ball, location: 2F
0-1: SINGLE (Groundball, 34)
Batting: RHB Luis Aguilar 0-0: Ball
Throwing error on steal attempt, E2
Soshu Nakamura to third
1-0: Ball
2-0: Foul Ball, location: 2F
2-1: Ball
3-1: Called Strike
3-2: SINGLE (Flyball, 9LS)
Soshu Nakamura scores
Batting: LHB Bob Greene 0-0: Ball
1-0: Ball
2-0: Ball
3-0: Called Strike
3-1: Called Strike
3-2: Foul Ball, location: 2F
3-2: Foul Ball, location: 2F
3-2: Base on Balls
Luis Aguilar to second
Batting: RHB Bobby Armstrong 0-0: Foul Ball, location: 2F
0-1: Ball
1-1: Swinging Strike
1-2: Ball
2-2: Ball
3-2: Foul Ball, location: 2F
3-2: Strikes out swinging
Bottom of the 7th over - 2 run(s), 3 hit(s), 1 error(s), 2 left on base; Rio Grande 12 - Kingston 6
TOP OF THE 8TH
Rio Grande Rattlesnake batting - Pitching for Kingston Iguanas : RHP Chip Cole
Pitching: RHP Robert Alexander
Batting: RHB Hollis Wood 0-0: Fly out, F4 (Popup, 4D)
Batting: RHB Christian Hudson 0-0: Foul Ball, location: 2F
0-1: SINGLE (Line Drive, 8RS)
Batting: LHB R.J. Courtney 0-0: Called Strike
0-1: Called Strike
0-2: Foul Ball, location: 2F
0-2: Fly out, F5 (Popup, 56D)
Batting: RHB Maresuke Yoshida 0-0: Ball
1-0: Ball
2-0: Called Strike
2-1: Fielders Choice at 2nd, 6-4 (Groundball, 6)
Top of the 8th over - 0 run(s), 1 hit(s), 0 error(s), 0 left on base; Rio Grande 12 - Kingston 6
BOTTOM OF THE 8TH
Kingston Iguanas batting - Pitching for Rio Grande Rattlesnake : RHP Nelson Britt
Batting: LHB Dave Gordon 0-0: Called Strike
0-1: Ball
1-1: Ball
2-1: Ball
3-1: Fly out, F7 (Flyball, 7LS)
Batting: RHB Mike Johnson 0-0: Ball
1-0: Foul Ball, location: 2F
1-1: Fly out, F9 (Flyball, 89M)
Batting: LHB Juan Romero 0-0: Ball
1-0: Ball
2-0: Ball
3-0: Called Strike
3-1: Foul Ball, location: 2F
3-2: Foul Ball, location: 2F
3-2: SINGLE (Flyball, 6MD)
Batting: LHB Mike Godfrey 0-0: Ball
1-0: Ground out 1-3 (Groundball, 13S)
Bottom of the 8th over - 0 run(s), 1 hit(s), 0 error(s), 1 left on base; Rio Grande 12 - Kingston 6
TOP OF THE 9TH
Rio Grande Rattlesnake batting - Pitching for Kingston Iguanas : RHP Robert Alexander
Batting: SHB Jeremy Holmes 0-0: Called Strike
0-1: Swinging Strike
0-2: Strikes out swinging
Batting: RHB Javier Renterķa 0-0: Called Strike
0-1: SINGLE (Line Drive, 34D)
Batting: RHB Billy Mullins 0-0: Ball
1-0: Swinging Strike
1-1: Foul Ball, location: 2F
1-2: Ball
2-2: Foul Ball, location: 2F
2-2: Ball
Javier Renterķa steals 2nd base
3-2: Foul Ball, location: 2F
3-2: Strikes out looking
Batting: SHB Douglas Taylor 0-0: Ball
1-0: Ball
2-0: Ball
3-0: Base on Balls
Batting: RHB Doug Delaney 0-0: Foul Ball, location: 2F
0-1: Ball
1-1: Ball
2-1: SINGLE (Line Drive, 34D)
Javier Renterķa to third
Douglas Taylor to second
Runner from 3rd tries for Home, SAFE, no throw or cutoff
Batting: RHB Hollis Wood 0-0: Foul Ball, location: 2F
0-1: Swinging Strike
0-2: Ball
1-2: Ball
2-2: Ground out 6-3 (Groundball, 6)
Top of the 9th over - 1 run(s), 2 hit(s), 0 error(s), 2 left on base; Rio Grande 13 - Kingston 6
BOTTOM OF THE 9TH
Kingston Iguanas batting - Pitching for Rio Grande Rattlesnake : RHP Nelson Britt
Batting: RHB William Duncan 0-0: SINGLE (Groundball, 6MD)
Batting: RHB Soshu Nakamura 0-0: Foul Ball, location: 2F
0-1: Ball
1-1: Called Strike
1-2: Ball
2-2: Fly out, F9 (Line Drive, 9M)
Batting: RHB Luis Aguilar 0-0: Called Strike
0-1: Called Strike
0-2: Ball
1-2: Ball
2-2: Foul Ball, location: 2F
2-2: Ball
3-2: Foul Ball, location: 2F
3-2: Foul Ball, location: 2F
3-2: Foul Ball, location: 2F
3-2: Base on Balls
William Duncan to second
Batting: LHB Bob Greene 0-0: Swinging Strike
0-1: Ball
1-1: Ball
2-1: Ball
3-1: TRIPLE (Flyball, 78XD)
William Duncan scores
Luis Aguilar scores
Pitching: RHP Frank Martin
Batting: RHB Bobby Armstrong 0-0: Called Strike
0-1: Foul Ball, location: 2F
0-2: Foul Ball, location: 2F
0-2: Ball
1-2: Ball
2-2: Ground out 4-3 (Groundball, 4)
Bob Greene scores
Batting: LHB Dave Gordon 0-0: Called Strike
0-1: Ball
1-1: Foul Ball, location: 2F
1-2: Ball
2-2: SINGLE (Flyball, 8RS)
Batting: RHB Mike Johnson 0-0: Ball
1-0: Ball
2-0: Ball
3-0: Called Strike
3-1: SINGLE (Groundball, 4M)
Dave Gordon to second
Pitching: RHP Bryce Davis
Batting: LHB Juan Romero 0-0: Ball
1-0: Ball
2-0: Foul Ball, location: 2F
2-1: Ball
3-1: Called Strike
3-2: Base on Balls
Dave Gordon to third
Mike Johnson to second
Batting: LHB Mike Godfrey 0-0: Called Strike
0-1: Called Strike
0-2: Ball
1-2: Foul Ball, location: 2F
1-2: Foul Ball, location: 2F
1-2: Foul Ball, location: 2F
1-2: Strikes out swinging
Bottom of the 9th over - 3 run(s), 4 hit(s), 0 error(s), 3 left on base; Rio Grande 13 - Kingston 9
Monday, December 5th, 2016 - OOTP Baseball 17.12 Build 75